[Event "Istanbul Open 2017"]
[Site "Istanbul"]
[Date "2017.09.13"]
[Round "4"]
[White "Aslan, Nevzat"]
[Black "Inciler, Yusuf Efe"]
[Result "0-1"]
[ECO "D47"]
[WhiteElo "1681"]
[BlackElo "1494"]
[Annotator "NA RC"]
[PlyCount "112"]
[EventDate "2017.??.??"]
[EventType "swiss"]
[EventCountry "TUR"]
[SourceTitle "playchess.com"]
[Source "ChessBase"]
[SourceQuality "1"]
[TimeControl "5400+30"]

1. d4 d5 2. c4 c6 3. Nc3 Nf6 4. Nf3 e6 5. e3 Nbd7 6. Bd3 dxc4 7. Bxc4 b5 8. Bd3 Bb7 9. O-O Be7 10. e4 O-O 11. Bg5 a6 12. e5 Nd5 13. Bxe7 Qxe7 14. Ne4 Nf4 15. Bc2 f5 16. Nd6 Nb6 17. g3 Nfd5 18. Bb3 f4 19. Qd3 g6 20. Rac1 Rab8 21. a3 Ba8 22. Bd1 Qg7 23. Ng5 Qh6 24. Nxe6 fxg3 25. hxg3 Qxc1 26. Nxf8 Rxf8 27. Bg4 Qg5 28. Be6+ Kg7 29. Ne4 Qe7 30. Nc5 Na4 31. Bxd5 Nxc5 32. dxc5 cxd5 33. Qd4 Qe6 34. Rc1 Bc6 35. b3 Rf5 36. Re1 Rh5 37. g4 Rg5 38. f3 h5 39. Qf4 Qf5 40. Qxf5 gxf5 41. Kf2 fxg4 42. fxg4 Rxg4 43. e6 Re4 44. Rg1+ Kf6 45. Rg8 Rxe6 46. Rh8 Kg5 47. Rg8+ Rg6 48. Rh8 h4 49. Rh7 Kg4 50. Ra7 h3 51. Rh7 d4 52. a4 d3 53. axb5 axb5 54. b4 d2 55. Ke2 Kg3 56. Kxd2 h2 0-1

[Event "Istanbul Open 2017"]
[Site "Istanbul"]
[Date "2017.09.13"]
[Round "4"]
[White "Aydin, Ali Umut"]
[Black "Gultekin, Celal"]
[Result "1/2-1/2"]
[ECO "D01"]
[WhiteElo "1627"]
[BlackElo "1560"]
[Annotator "NA RC"]
[PlyCount "127"]
[EventDate "2017.??.??"]
[EventType "swiss"]
[EventCountry "TUR"]
[SourceTitle "playchess.com"]
[Source "ChessBase"]
[SourceQuality "1"]
[TimeControl "5400+30"]

1. d4 d5 2. Nc3 Nf6 3. Bg5 Bf5 4. e3 Nbd7 5. Bd3 Bxd3 6. Qxd3 c6 7. Nf3 h6 8. Bh4 e6 9. O-O g5 10. Bg3 Nh5 11. Be5 Rg8 12. Bg3 f5 13. Rae1 Nxg3 14. fxg3 Nf6 15. Nd1 Bd6 16. c4 Qe7 17. cxd5 cxd5 18. Nc3 a6 19. Qc2 Qc7 20. Qa4+ Qd7 21. Rc1 Ke7 22. Nd2 Rgc8 23. Qd1 Rc7 24. Qf3 Rac8 25. a3 b6 26. h3 Bxa3 27. Nxd5+ Qxd5 28. Rxc7+ Rxc7 29. bxa3 Rc2 30. Rf2 Qa2 31. Nf1 Rxf2 32. Qxf2 Qxa3 33. Qc2 b5 34. Kh2 b4 35. Nd2 Nd7 36. d5 Qc3 37. Qa2 Qxe3 38. Nc4 Qc3 39. Qxa6 exd5 40. Qd6+ Kd8 41. Nb6 Qc7 42. Qxc7+ Kxc7 43. Nxd5+ Kd6 44. Nxb4 Ke5 45. Nc6+ Ke4 46. Kg1 Ne5 47. Nxe5 Kxe5 48. Kf2 Ke4 49. Ke2 h5 50. Kf2 Kd4 51. Kf3 Kd3 52. h4 g4+ 53. Kf4 Ke2 54. Kg5 Kf2 55. Kxh5 Kxg3 56. Kg5 f4 57. h5 f3 58. gxf3 gxf3 59. h6 f2 60. h7 f1=Q 61. h8=Q Qf4+ 62. Kg6 Qg4+ 63. Kf7 Qd7+ 64. Kg8 1/2-1/2

[Event "Istanbul Open 2017"]
[Site "Istanbul"]
[Date "2017.09.13"]
[Round "4"]
[White "Gurses, Ayberk"]
[Black "Aslan, Dogukan"]
[Result "1-0"]
[ECO "B14"]
[WhiteElo "1601"]
[BlackElo "1605"]
[Annotator "NA RC"]
[PlyCount "121"]
[EventDate "2017.??.??"]
[EventType "swiss"]
[EventCountry "TUR"]
[SourceTitle "playchess.com"]
[Source "ChessBase"]
[SourceQuality "1"]
[TimeControl "5400+30"]

1. e4 c5 2. Nf3 g6 3. c3 Bg7 4. d4 cxd4 5. cxd4 d5 6. exd5 Nf6 7. Nc3 Nxd5 8. Bc4 Nb6 9. Bb3 O-O 10. Be3 Bg4 11. h3 Bxf3 12. Qxf3 Nc6 13. d5 Ne5 14. Qe2 Rc8 15. O-O Nec4 16. Bg5 Re8 17. Rac1 Nd6 18. Na4 Nf5 19. Nxb6 Qxb6 20. Ba4 Ng3 21. Qg4 Nf5 22. Bxe8 Rxe8 23. b3 Qa5 24. Qc4 h6 25. b4 Qb6 26. Bf4 g5 27. Bc7 Qg6 28. Qb5 Rf8 29. Qxb7 g4 30. Qc6 Bf6 31. g3 Nd4 32. Qc4 Qe4 33. f3 Qe3+ 34. Kh1 gxf3 35. Bf4 Qe4 36. Rce1 Qf5 37. Kh2 Rc8 38. Bc7 f2 39. Rd1 Nf3+ 40. Kg2 Ne5 41. Qf4 Qxf4 42. gxf4 Nc4 43. Be5 Ne3+ 44. Kxf2 Nxd1+ 45. Rxd1 Bxe5 46. fxe5 Kf8 47. Ke3 Rc2 48. Rd2 Rc3+ 49. Rd3 Rc2 50. Ra3 Rb2 51. Rxa7 Rxb4 52. a4 Rb3+ 53. Kd4 Rxh3 54. a5 Ra3 55. Ra8+ Kg7 56. d6 exd6 57. exd6 Ra1 58. Kc5 Kf6 59. d7 Rc1+ 60. Kb6 Rb1+ 61. Ka6 1-0

[Event "Istanbul Open 2017"]
[Site "Istanbul"]
[Date "2017.09.13"]
[Round "4"]
[White "Esti, Kubra Selenay"]
[Black "Kilic, Eray"]
[Result "0-1"]
[ECO "B36"]
[WhiteElo "1583"]
[BlackElo "1727"]
[Annotator "NA RC"]
[PlyCount "47"]
[EventDate "2017.??.??"]
[EventType "swiss"]
[EventCountry "TUR"]
[SourceTitle "playchess.com"]
[Source "ChessBase"]
[SourceQuality "1"]
[TimeControl "5400+30"]

1. e4 c5 2. Nf3 Nc6 3. d4 cxd4 4. Nxd4 g6 5. c4 Nf6 6. Nc3 Nxd4 7. Qxd4 d6 8. f3 Bg7 9. Be3 O-O 10. Qd2 a5 11. Na4 Nd7 12. Be2 Nc5 13. Nxc5 dxc5 14. Bxc5 Qc7 15. Ba3 Be6 16. O-O Rfd8 17. Qc1 Rac8 18. Kh1 Rd7 19. Rd1 Rcd8 20. Rd5 Bxd5 21. cxd5 Qb8 22. Qd2 Be5 23. Qxa5 Bxh2 24. Bc5 0-1

[Event "Istanbul Open 2017"]
[Site "Istanbul"]
[Date "2017.09.13"]
[Round "4"]
[White "Kabadayi, Suleyman Arda"]
[Black "Ozbag, Berat"]
[Result "1/2-1/2"]
[ECO "C68"]
[WhiteElo "1579"]
[BlackElo "1638"]
[Annotator "NA RC"]
[PlyCount "84"]
[EventDate "2017.??.??"]
[EventType "swiss"]
[EventCountry "TUR"]
[SourceTitle "playchess.com"]
[Source "ChessBase"]
[SourceQuality "1"]
[TimeControl "5400+30"]

1. e4 e5 2. Nf3 Nc6 3. Bb5 a6 4. Bxc6 dxc6 5. d4 exd4 6. Qxd4 Qxd4 7. Nxd4 Bc5 8. Be3 Nf6 9. f3 O-O 10. Nd2 Re8 11. N2b3 Bb6 12. Kf2 Nd7 13. Nf5 g6 14. Bxb6 gxf5 15. Bxc7 fxe4 16. fxe4 Rxe4 17. Rhe1 Nf6 18. h3 Bf5 19. c3 Nd5 20. Bh2 b5 21. Rxe4 Bxe4 22. Re1 f5 23. Nc5 Re8 24. g4 Kf7 25. gxf5 Bxf5 26. Rxe8 Kxe8 27. Nxa6 Bxh3 28. Nb4 Ne7 29. Ke3 Kd7 30. Kd4 Bg2 31. Kc5 Nf5 32. b3 Ne3 33. a4 bxa4 34. bxa4 Nd5 35. Nxd5 cxd5 36. a5 Kc8 37. a6 h5 38. Kb6 h4 39. a7 d4 40. cxd4 h3 41. Bb8 Bf3 42. Bg3 Bg2 1/2-1/2

[Event "Istanbul Open 2017"]
[Site "Istanbul"]
[Date "2017.09.14"]
[Round "5"]
[White "Kitir, Ahmet"]
[Black "Kocyigit, Buse Naz"]
[Result "1-0"]
[ECO "B01"]
[WhiteElo "2057"]
[BlackElo "1863"]
[Annotator "NA RC"]
[PlyCount "77"]
[EventDate "2017.??.??"]
[EventType "swiss"]
[EventCountry "TUR"]
[SourceTitle "playchess.com"]
[Source "ChessBase"]
[SourceQuality "1"]
[TimeControl "5400+30"]

1. e4 d5 2. exd5 Qxd5 3. Nc3 Qd6 4. Nf3 Bg4 5. d4 Nf6 6. Be3 {[%emt 0:09:30] B01: Scandinavian Defence} (6. h3 Bh5 7. g4 Bg6 8. Ne5 Nbd7 9. Nxg6 hxg6 10. Bg2 c6 11. Qd3 e6 12. Bd2 Nb6 13. O-O-O Nbd5 14. Ne2 {1-0 (39) Bologan,V (2640)-Kovalenko,I (2684) Tallinn 2016}) 6... e6 7. Be2 c6 8. Ne5 Bxe2 9. Qxe2 Qc7 10. O-O Bd6 11. Bg5 Nd5 12. Ne4 Bxe5 13. dxe5 Qxe5 $146 ({Predecessor:} 13... h6 14. Bh4 Nd7 15. Nd6+ Kf8 16. Qh5 g6 17. Qe2 Nf4 18. Qe4 Nd5 19. c4 N5b6 20. Qf4 Rh7 21. Bg3 Nc5 22. Rad1 Qe7 23. b3 {1-0 (23) Rocek,V (1029)-Basson,H (1255) LSS email 2014}) 14. c4 O-O 15. Qf3 Nb6 16. Rfe1 Qf5 17. Qxf5 exf5 18. Nd6 f6 19. Be3 N8d7 20. b3 Rab8 21. Nxf5 Ne5 22. a4 Ra8 23. a5 Nc8 24. Bc5 Rd8 25. Rad1 Rd3 26. f4 Rxd1 27. Rxd1 Nf7 28. Re1 h6 29. Re8+ Kh7 30. Ne7 Nb6 {[%emt 0:01:49] [#]} 31. Rxa8 $1 ({Much less strong is} 31. axb6 $6 Rxe8 32. bxa7 g5) 31... Nxa8 32. Bxa7 Nc7 33. b4 Na6 34. b5 cxb5 35. cxb5 Nc7 {[%emt 0:00:18] [#]} 36. a6 $1 Nd6 37. Bb8 $18 Ndxb5 38. Bxc7 Nxc7 39. axb7 1-0

[Event "Istanbul Open 2017"]
[Site "Istanbul"]
[Date "2017.09.14"]
[Round "5"]
[White "Zeydan, Salih"]
[Black "Ozsakallioglu, Akin"]
[Result "1-0"]
[ECO "B14"]
[WhiteElo "2057"]
[BlackElo "1893"]
[Annotator "NA RC"]
[PlyCount "177"]
[EventDate "2017.??.??"]
[EventType "swiss"]
[EventCountry "TUR"]
[SourceTitle "playchess.com"]
[Source "ChessBase"]
[SourceQuality "1"]
[TimeControl "5400+30"]

1. e4 c5 2. Nf3 e6 3. c3 Nc6 4. d4 cxd4 5. cxd4 d5 6. exd5 exd5 7. Nc3 Nf6 8. Bb5 a6 9. Bxc6+ bxc6 10. Ne5 Bd7 11. O-O Be7 12. Bg5 O-O 13. Re1 {B14: Caro-Kann: Panov-Botvinnik Attack with 5...e6 and 5...g6} h6 14. Bh4 Re8 15. Rc1 Bb4 $146 ({Find the theoretical novelty and annotate with similar games:} 15... Nh7 16. Qh5 g6 17. Bxe7 gxh5 18. Bxd8 Raxd8 19. Na4 f6 20. Nxd7 Rxe1+ 21. Rxe1 Rxd7 {1-0 (29) Reiss,T (2377)-Muranyi,K (2385) Budapest 2006}) 16. Bxf6 gxf6 17. Nd3 Rxe1+ 18. Qxe1 Bd6 19. Qd2 Kh7 20. Nf4 Bf5 21. Nce2 Rc8 22. Ng3 Bg6 23. h4 Qd7 24. h5 (24. Nxg6 $14 fxg6 25. Qd3) 24... Bf5 25. a3 Rg8 (25... Kg7 $11) 26. Nfe2 Rc8 27. Rc3 Be4 28. Qe3 Re8 29. Qc1 Rc8 (29... Kg7 $1 $14) 30. f3 Bxg3 (30... Bf5 $16 {is a better defense.}) 31. Nxg3 Bf5 32. Nxf5 (32. Qf4 $18 {is the precise move to win.} Bb1 33. Qxf6) 32... Qxf5 33. Rxc6 Rxc6 34. Qxc6 Qb1+ 35. Kh2 Qxb2 36. Qxd5 (36. Qxf6 $18 {und der Rest ist Schweigen.} Kg8 37. Qxh6 Qxd4 38. Qg5+ (38. Qxa6 Qh4+ 39. Kg1 Qe1+ 40. Qf1 Qe5 $18) 38... Kh7 39. Kg3) 36... Kg7 37. Qd6 Qb5 38. Qc5 (38. Qg3+ $16 Kh7 39. Qh4) 38... Qb8+ 39. Kh3 Qb1 40. Kg4 Qf1 {[%emt 0:01:30] [#]} 41. g3 (41. Qc2 $1 $16) 41... Qd3 (41... Qa1 $11 {keeps the balance.}) 42. d5 f5+ $2 (42... Qd2 $11 {and Black has nothing to worry.}) 43. Kf4 Qd2+ 44. Qe3 Qh2 45. d6 Qxh5 46. Qe5+ f6 47. Qe7+ Kg8 48. Qxf6 Qe8 49. Kxf5 Qb5+ 50. Ke6 Qe8+ 51. Qe7 Qc8+ 52. Qd7 Qc4+ 53. Ke7 Qf7+ 54. Kd8 Qxf3 55. Qe6+ Kg7 56. d7 (56. Qe5+ $142 Kg8 57. d7 Qa8+ 58. Ke7 Qf8+ 59. Ke6 Qf7+ 60. Kd6 Qf8+ 61. Kc7) 56... Qa8+ 57. Kc7 Qa7+ 58. Kc6 Qa8+ 59. Kb6 (59. Kc5 $142 Qd8 60. Qd6) 59... Qb8+ 60. Kxa6 Qa8+ 61. Kb6 Qb8+ 62. Kc6 Qa8+ 63. Kb5 Qb7+ 64. Ka4 Qa7+ 65. Kb3 Qb7+ 66. Kc3 Qc7+ 67. Kd4 Qa7+ 68. Ke4 Qa4+ 69. Kf5 Qc2+ 70. Kg4 Qd1+ 71. Kf4 (71. Kh4 $16 Qh1+ 72. Kg4 h5+ 73. Kg5 Qc1+ 74. Kxh5 Qh1+ 75. Kg4 Qd1+ 76. Kf4 Qf1+ 77. Ke5 Qa1+ 78. Ke4 Qb1+ 79. Kd4 Qb2+ 80. Kd3 Qxa3+ 81. Ke2 Qb2+ 82. Kf3) 71... Qf1+ $1 72. Ke5 Qe2+ 73. Kd6 Qa6+ 74. Ke7 Qxa3+ 75. Qd6 Qe3+ 76. Kd8 Qa7 77. Qe5+ Kf7 78. Qf5+ Kg7 79. Qg4+ Kf8 80. Qb4+ Kf7 81. Qc4+ Kf8 82. Qf4+ Kg7 83. Ke8 Qa2 84. Qf8+ Kg6 85. d8=Q Qe6+ $18 86. Qfe7 Qc6+ 87. Qed7 Qe4+ 88. Kf8 Qf3+ 89. Kg8 1-0

[Event "Istanbul Open 2017"]
[Site "Istanbul"]
[Date "2017.09.14"]
[Round "5"]
[White "Buker, Muhittin"]
[Black "Alaz, Ahmet Efekan"]
[Result "0-1"]
[ECO "D04"]
[WhiteElo "1969"]
[BlackElo "2053"]
[Annotator "NA RC"]
[PlyCount "162"]
[EventDate "2017.??.??"]
[EventType "swiss"]
[EventCountry "TUR"]
[SourceTitle "playchess.com"]
[Source "ChessBase"]
[SourceQuality "1"]
[TimeControl "5400+30"]

1. d4 d5 2. Nf3 Nf6 3. e3 Bg4 4. c4 e6 {[%emt 0:02:30] LiveBook: 15 Games} 5. Qa4+ {[%emt 0:06:30] D04: Colle System} (5. Qb3 Bxf3 6. Qxb7 Nbd7 7. gxf3 Be7 8. Nc3 O-O 9. cxd5 Rb8 10. Qxa7 exd5 11. Bh3 Nb6 12. O-O c5 13. Nb5 Qe8 {1-0 (40) Vakhidov,J (2508)-Pert,R (2443) Southend 2015}) 5... c6 6. Ne5 Bf5 7. Bd3 $146 ({Predecessor:} 7. cxd5 exd5 8. Qb3 Qc7 9. Nc3 Nbd7 10. Nxd7 Qxd7 11. Bd2 Bd6 12. Be2 O-O {1-0 (38) Westphal,K (1965)-Pandorf,H (1695) Hoehr-Grenzhausen 2004}) 7... Bxd3 8. Nxd3 Nbd7 9. Qb3 Qc7 10. Nc3 dxc4 11. Qxc4 e5 12. O-O Be7 13. dxe5 Nxe5 14. Nxe5 Qxe5 15. e4 Ng4 16. g3 Qh5 17. h4 Bxh4 18. Kg2 ({Don't blunder} 18. gxh4 $2 Ne5 $19) 18... Be7 19. Rh1 Qg6 20. Bf4 O-O 21. Rae1 Bg5 22. e5 Rfe8 23. Bxg5 Qxg5 24. Qd3 Qg6 25. Qxg6 hxg6 26. f4 Rad8 27. Kf3 Nh6 28. Rd1 Nf5 29. g4 Nd4+ 30. Ke4 c5 31. f5 Rd7 (31... b6 $17) 32. Rh2 $2 (32. Nd5 $11 {and White is okay.}) 32... gxf5+ 33. gxf5 {[%emt 0:00:20] [#]} Rde7 $1 34. Kd3 Rxe5 35. f6 b5 ({But not} 35... gxf6 {[#]} 36. Ne4 $1 $19 ) (35... Nf3 $142 36. Rhh1 Rd8+ 37. Kc2 Nd4+ 38. Kb1 gxf6) 36. Rh3 (36. Nxb5 $17 Nxb5 37. Rg1 Rd8+ 38. Kc2 Nd4+ 39. Kb1) 36... gxf6 37. Rg1+ Kf8 38. Ne4 $2 (38. Rh8+ Ke7 39. Rxe8+ Kxe8 40. Rg8+ Ke7 41. Ra8) 38... c4+ 39. Kxd4 Rxe4+ 40. Kc5 R4e5+ 41. Kb4 Ke7 42. Rf3 f5 43. Rgf1 Ke6 44. Ra3 Ra8 45. Ra6+ Ke7 46. Rf2 Rb8 47. Rxa7+ Kf6 48. Ra6+ Re6 49. Ra5 Reb6 50. a4 bxa4+ 51. Kxa4 Rb4+ 52. Ka3 Rb3+ 53. Ka2 R3b5 54. Ra4 Rb4 55. Ra5 R8b5 56. Ra6+ Rb6 57. Ra5 R4b5 58. Ra4 Rc6 59. Rf3 Ke5 60. Ra7 Ke4 61. Rf1 f6 62. Re7+ Re5 63. Re1+ Kf4 64. Rf1+ Ke3 65. Rxe5+ fxe5 66. Rxf5 e4 67. Kb1 Kd2 68. Rd5+ Ke2 69. Re5 e3 70. Kc2 Kf2 71. Rf5+ Ke1 72. Re5 e2 73. Kc3 Kf2 (73... Rb6 $142 74. Rd5 Re6) 74. Rf5+ Ke3 75. Re5+ Kf2 76. Rf5+ Ke1 77. Re5 Rc8 78. Re7 Rb8 79. Re6 Rb3+ 80. Kc2 Rf3 81. Re4 Kf2 0-1

[Event "Istanbul Open 2017"]
[Site "Istanbul"]
[Date "2017.09.14"]
[Round "5"]
[White "Kilic, Eray"]
[Black "Inel, Cihangir"]
[Result "1-0"]
[ECO "B01"]
[WhiteElo "1727"]
[BlackElo "1587"]
[Annotator "NA RC"]
[PlyCount "61"]
[EventDate "2017.??.??"]
[EventType "swiss"]
[EventCountry "TUR"]
[SourceTitle "playchess.com"]
[Source "ChessBase"]
[SourceQuality "1"]
[TimeControl "5400+30"]

1. e4 d5 2. exd5 Qxd5 3. Nc3 Qa5 4. Nf3 Bg4 5. Be2 Nf6 6. d4 c6 7. O-O e6 8. Bf4 Qd8 9. Qd2 Bb4 10. a3 Ne4 11. Qe3 Nxc3 12. bxc3 Bd6 13. Ne5 Bxe2 14. Qxe2 O-O 15. Rab1 Qf6 16. Bg3 b6 17. Rb3 Qf5 18. c4 Bxe5 19. Bxe5 Nd7 20. Rf3 Qh5 21. Bxg7 Rfd8 22. Be5 Kf8 23. Bd6+ Ke8 24. Re1 Nf6 25. c5 bxc5 26. dxc5 Ng4 27. Qxe6+ fxe6 28. Rxe6+ Kd7 29. Re7+ Kc8 30. Rc7+ Kb8 31. Rb3# 1-0

[Event "Istanbul Open 2017"]
[Site "Istanbul"]
[Date "2017.09.14"]
[Round "5"]
[White "Bagci, Hikmet"]
[Black "Hagverdiyev, Gahraman"]
[Result "1-0"]
[ECO "C10"]
[WhiteElo "1706"]
[BlackElo "1624"]
[Annotator "NA RC"]
[PlyCount "111"]
[EventDate "2017.??.??"]
[EventType "swiss"]
[EventCountry "TUR"]
[SourceTitle "playchess.com"]
[Source "ChessBase"]
[SourceQuality "1"]
[TimeControl "5400+30"]

1. e4 e6 2. d4 d5 3. Nc3 dxe4 4. Nxe4 Bd7 5. Nf3 Bc6 6. Bd3 Nd7 7. O-O Ngf6 8. Ng3 Bd6 9. Re1 O-O 10. Ne5 Bxe5 11. dxe5 Nd5 12. Qg4 Kh8 13. Bg5 Qe8 14. b4 b5 15. a4 a6 16. a5 g6 17. Qh4 f5 18. exf6 N7xf6 19. c4 bxc4 20. Bxc4 Qf7 21. Rac1 Rab8 22. Bxd5 Bxd5 23. Be3 Kg8 24. Bc5 Rfe8 25. Qf4 c6 26. f3 Nd7 27. Qxf7+ Kxf7 28. Bd6 Rb5 29. Ne4 Kg7 30. Nc3 Rb7 31. Nxd5 cxd5 32. Rc6 Ra7 33. f4 Kf7 34. Rec1 Rd8 35. Rc7 Rxc7 36. Rxc7 Ke8 37. Ra7 Rc8 38. Rxa6 Rc2 39. Ra8+ Kf7 40. Ra7 Ke8 41. Rc7 Ra2 42. Kf1 d4 43. Rc4 d3 44. Rd4 Ra3 45. Ke1 Nf6 46. Kd2 h5 47. Bc5 Nd5 48. Rxd3 Ra2+ 49. Kc1 Nxf4 50. Rf3 Nxg2 51. Rf2 Rxf2 52. Bxf2 Kd7 53. a6 Kc7 54. b5 h4 55. b6+ Kb8 56. Bc5 1-0

[Event "Istanbul Open 2017"]
[Site "Istanbul"]
[Date "2017.09.14"]
[Round "5"]
[White "Keskin, Elif"]
[Black "Sar, Can"]
[Result "1/2-1/2"]
[ECO "D91"]
[WhiteElo "1561"]
[BlackElo "1669"]
[Annotator "NA RC"]
[PlyCount "173"]
[EventDate "2017.??.??"]
[EventType "swiss"]
[EventCountry "TUR"]
[SourceTitle "playchess.com"]
[Source "ChessBase"]
[SourceQuality "1"]
[TimeControl "5400+30"]

1. d4 d5 2. Bg5 g6 3. c4 Bg7 4. Nc3 c6 5. e3 Nf6 6. Nf3 O-O 7. Bd3 Be6 8. cxd5 Nxd5 9. O-O Nd7 10. a3 N7f6 11. Rc1 Nxc3 12. bxc3 Qa5 13. a4 Bg4 14. Bh4 Rfe8 15. c4 e5 16. dxe5 Nd7 17. Bf6 Nxf6 18. exf6 Bxf6 19. h3 Be6 20. Nd4 Bxd4 21. exd4 Rad8 22. Bb1 Qb6 23. Qc2 Rxd4 24. Ba2 c5 25. Rfd1 Red8 26. Rxd4 Rxd4 27. Rb1 Qc7 28. Qb2 Bxc4 29. Bxc4 Rxc4 30. Re1 Qd7 31. Qf6 Rd4 32. Re7 Rd1+ 33. Kh2 Qd6+ 34. Qxd6 Rxd6 35. Rxb7 Ra6 36. Rc7 Rxa4 37. Rxc5 Ra1 38. Rc6 a5 39. Ra6 a4 40. Kg3 a3 41. Kg4 a2 42. Kg5 Kg7 43. Kg4 h6 44. Kg3 Kf8 45. Kf3 Ke7 46. Ke2 Kd7 47. h4 h5 48. Kf3 Kc7 49. Kf4 f6 50. Kf3 Kb7 51. Ra3 Kc6 52. Ke2 Kd5 53. Kf3 Ke5 54. g3 g5 55. Ra8 Kf5 56. Ra5+ Kg6 57. Ra6 Kf5 58. Ra5+ Ke6 59. Ra6+ Kd5 60. Ra8 Kc4 61. Ra7 Kc3 62. Ra8 Kd2 63. Ra7 Ke1 64. Kg2 g4 65. Ra8 f5 66. Ra7 Kd2 67. Ra8 Kd3 68. Ra7 f4 69. gxf4 Ke4 70. Ra4+ Kf5 71. Ra8 Kxf4 72. Ra7 Ke5 73. Ra8 Kd6 74. Ra7 Kc6 75. Ra8 Kb6 76. Ra3 Kb7 77. Ra4 Kb6 78. Ra8 Kc5 79. Ra7 Kd4 80. Ra8 Kd3 81. Ra7 Kc3 82. Ra8 Kb2 83. Rb8+ Kc3 84. Ra8 Kd3 85. Ra7 Ke4 86. Ra8 Kf4 87. Ra7 1/2-1/2

[Event "Istanbul Open 2017"]
[Site "Istanbul"]
[Date "2017.09.14"]
[Round "5"]
[White "Salt, Ilayda"]
[Black "Aydin, Ali Umut"]
[Result "0-1"]
[ECO "D07"]
[WhiteElo "1554"]
[BlackElo "1627"]
[Annotator "NA RC"]
[PlyCount "110"]
[EventDate "2017.??.??"]
[EventType "swiss"]
[EventCountry "TUR"]
[SourceTitle "playchess.com"]
[Source "ChessBase"]
[SourceQuality "1"]
[TimeControl "5400+30"]

1. d4 d5 2. c4 Nc6 3. Nf3 Bg4 4. e3 e6 5. Be2 Nf6 6. Qb3 Rb8 7. Nc3 Be7 8. O-O O-O 9. h3 Bh5 10. cxd5 exd5 11. Rd1 Bg6 12. Ne5 Bd6 13. Nxg6 hxg6 14. Bf3 Na5 15. Qa4 c6 16. Be2 b5 17. Qc2 Re8 18. Bd3 Bc7 19. Bd2 Qd6 20. g3 Nh5 21. Ne2 Nc4 22. Bxc4 bxc4 23. Kg2 Nf6 24. Nc3 Ne4 25. Nxe4 Rxe4 26. Be1 g5 27. Qe2 f5 28. f3 Re6 29. Qf2 Rbe8 30. Bd2 f4 31. Re1 fxg3 32. Qg1 Rh6 33. e4 dxe4 34. fxe4 Qe6 35. Qh1 Rf8 36. Re2 Qf6 37. Rf1 Qxf1+ 38. Qxf1 Rxf1 39. Kxf1 Rxh3 40. e5 Rh1+ 41. Kg2 Rh2+ 42. Kf3 g4+ 43. Ke3 Bb6 44. Bc3 Bd8 45. Re1 Bg5+ 46. Ke4 g6 47. e6 Kf8 48. Ke5 g2 49. Bb4+ Ke8 50. d5 Rh1 51. d6 Rxe1+ 52. Bxe1 g1=Q 53. d7+ Kf8 54. Bb4+ c5 55. Ba5 Qd4# 0-1

[Event "Istanbul Open 2017"]
[Site "Istanbul"]
[Date "2017.09.14"]
[Round "5"]
[White "Inciler, Yusuf Efe"]
[Black "Gurses, Ayberk"]
[Result "1-0"]
[ECO "D85"]
[WhiteElo "1494"]
[BlackElo "1601"]
[Annotator "NA RC"]
[PlyCount "59"]
[EventDate "2017.??.??"]
[EventType "swiss"]
[EventCountry "TUR"]
[SourceTitle "playchess.com"]
[Source "ChessBase"]
[SourceQuality "1"]
[TimeControl "5400+30"]

1. d4 Nf6 2. c4 g6 3. Nc3 d5 4. cxd5 Nxd5 5. e4 Nxc3 6. bxc3 Bg7 7. Nf3 O-O 8. Be2 c5 9. Rb1 Qa5 10. Qd2 a6 11. O-O Nc6 12. Rd1 Rd8 13. d5 Bxc3 14. Qh6 Bg7 15. Qh4 Nd4 16. Nxd4 Bxd4 17. Qxe7 Kg7 18. e5 Rxd5 19. Bc4 Qd8 20. Qf6+ Qxf6 21. exf6+ Kxf6 22. Bxd5 Rb8 23. Bb2 Bxb2 24. Rxb2 b5 25. Rc1 Be6 26. Bxe6 fxe6 27. Rxc5 Rd8 28. f3 Rd4 29. Rc6 Ra4 30. Re2 1-0

[Event "Istanbul Open 2017"]
[Site "Istanbul"]
[Date "2017.09.15"]
[Round "6"]
[White "Kocak, Can"]
[Black "Bicer, Atakan Mert"]
[Result "0-1"]
[ECO "B12"]
[WhiteElo "1971"]
[BlackElo "1842"]
[Annotator "NA RC"]
[PlyCount "76"]
[EventDate "2017.??.??"]
[EventType "swiss"]
[EventCountry "TUR"]
[SourceTitle "playchess.com"]
[Source "ChessBase"]
[SourceQuality "1"]
[TimeControl "5400+30"]

1. e4 c6 2. d4 d5 3. e5 Bf5 4. Nf3 e6 5. Be2 h6 6. O-O Nd7 7. c4 Ne7 {[%emt 0:00:00] B12: Caro-Kann: Advance Variation} 8. Nc3 dxc4 9. Bxc4 Nb6 10. Bd3 {[%emt 0:01:30] LiveBook: 3 Games} (10. Bb3 Ned5 11. Re1 Be7 12. Ne4 O-O 13. Ng3 Bg6 14. Bc2 Qe8 15. h4 {½-½ (45) Lavrov,M (2369)-Bocharov,D (2574) Minsk 2017}) 10... Bxd3 11. Qxd3 Ned5 12. Ne4 Be7 13. a3 a5 14. b3 O-O $146 ({Find the theoretical novelty and annotate with similar games:} 14... Qd7 15. Bd2 {0-1 (65) Mitchell,J-Gersov,E (2256) New York 1999}) 15. g3 a4 16. b4 Nc7 17. Nfd2 Nb5 18. Bb2 Qd5 19. f4 (19. Nc5 $11) 19... Rfd8 20. Rad1 Nxd4 21. Qe3 c5 22. bxc5 (22. Bxd4 $17 {was called for.} Qxd4 23. Qxd4 cxd4 24. Rf3) 22... Bxc5 23. Nxc5 Qxc5 24. Ne4 Nf3+ 25. Kf2 Qxe3+ 26. Kxe3 Nc4+ 27. Kxf3 Nxb2 28. Rb1 Nc4 29. Rxb7 Rd3+ 30. Kf2 Rxa3 31. Rc1 Ra2+ 32. Kf3 Na5 $2 (32... Rc8 $19 33. Rd1 Rxh2) 33. Rd7 $1 a3 34. Rcc7 Rf8 35. Nd6 $2 (35. Rd3 $11) 35... Rd2 36. Ra7 Rd5 $19 37. Rxa5 Rxa5 38. Nc4 a2 0-1